 Dungeon Crawl Stone Soup version 0.30-a0-802-gb92711bcdf (webtiles) character file.

Game seed: 7960089839506513884

2327086 iguanaiguana the Cryomancer (level 27, 185/185 HPs)
             Began as an Octopode Delver on Feb 23, 2023.
             Was an Initiate of Gozag.
             Escaped with the Orb
             ... and 4 runes on Feb 25, 2023!
             The game lasted 05:06:14 (68924 turns).

iguanaiguana the Cryomancer (Octopode Delver)      Turns: 68924, Time: 05:06:15

Health: 185/185    AC: 12    Str: 13    XL:     27
Magic:  54/54      EV: 18    Int: 37    God:    Gozag
Gold:   3448       SH: 19    Dex: 18    Spells: 3/60 levels left

rFire   + + .      SeeInvis +    a - +9 demon trident (elec)
rCold   + + .      Faith    .    X - +5 kite shield
rNeg    + + .      Spirit   .    Y - +3 hat of Pondering {ponderous, Will+ MP+10 Int+5}
rPois   .          Reflect  .    Z - amulet of Vitality {RegenMP++ Regen++}
rElec   +          Harm     .    j - +6 ring of intelligence
rCorr   +          Rampage  .    U - ring of Gudo {Will+ SInv}
Will    ++++.      Clarity  +    W - ring of ice
Stlth   ++                       c - ring "Malua" {rN+ AC+4}
HPRegen 2.10/turn                E - ring "Ciz Ele" {rC+ AC+4}
MPRegen 1.14/turn                i - +6 ring of intelligence
                                 K - ring of resist corrosion
                                 D - ring "Mokhopp" {Contam Fly rElec rF+++ rN+}

@: flying, studying 3 skills, slow
A: almost no armour, amphibious, 8 rings, camouflage 1, gelatinous body 1,
(nimble swimmer 1), tentacles, fangs 1, clarity
0: Orb of Zot
}: 4/15 runes: serpentine, barnacled, slimy, abyssal
a: Renounce Religion, Potion Petition, Call Merchant, Bribe Branch


You escaped.
You worshipped Gozag.
Gozag was most pleased with you.
You visited 11 branches of the dungeon, and saw 52 of its levels.
You visited the Abyss 2 times.
You visited 1 bazaar.
You also visited: Trove, Gauntlet and Wizlab.

You collected 29565 gold pieces.
You spent 6205 gold pieces at shops.
You paid 19912 gold pieces to Gozag.

Inventory:

Hand Weapons
 a - a +9 demon trident of electrocution (weapon)
Missiles
 n - 5 boomerangs of dispersal
 t - 10 javelins
 C - 10 throwing nets
 H - 4 curare-tipped darts
Armour
 X - a +5 kite shield (worn)
 Y - the +3 hat of Pondering (worn) {ponderous, Will+ MP+10 Int+5}
   (You took it off Gastronok on level 1 of the Lair of Beasts)

   Int:       It affects your intelligence (+5).
   MP:        It affects your magic capacity (+10).
   Will:      It increases your willpower.
Magical Staves
 b - a staff of cold
Jewellery
 c - the ring "Malua" (on tentacle) {rN+ AC+4}
   (You bought it in a shop in a bazaar)

   [ring of protection]

   AC:        It affects your AC (+4).
   rN:        It protects you from negative energy.
 i - a +6 ring of intelligence (on tentacle)
 j - a +6 ring of intelligence (left tentacle)
 D - the ring "Mokhopp" (on tentacle) {Contam Fly rElec rF+++ rN+}
   (You found it in a treasure trove)

   [ring of flight]

   rF:        It renders you almost immune to fire.
   rElec:     It insulates you from electricity.
   rN:        It protects you from negative energy.
   Fly:       It grants you flight.
   Contam:    It causes magical contamination when unequipped.
 E - the ring "Ciz Ele" (on tentacle) {rC+ AC+4}
   (You bought it in a shop on level 8 of the Dungeon)

   [ring of protection]

   AC:        It affects your AC (+4).
   rC:        It protects you from cold.
 K - a ring of resist corrosion (on tentacle)
 P - a +6 ring of dexterity
 U - the ring of Gudo (right tentacle) {Will+ SInv}
   (You found it on level 3 of the Elven Halls)

   [ring of see invisible]

   SInv:      It lets you see invisible.
   Will:      It increases your willpower.
 W - a ring of ice (on tentacle)
 Z - the amulet of Vitality (around mantle) {RegenMP++ Regen++}
   (You bought it in a shop on level 8 of the Dungeon)

   [amulet of magic regeneration]

   It increases your rate of magic regeneration.
   Regen:     It increases your rate of health regeneration.
Wands
 f - a wand of digging (17) {@v3}
 l - a wand of light (15)
 v - a wand of iceblast (12) {@v2}
 w - a wand of paralysis (37)
 x - a wand of polymorph (8)
Scrolls
 d - 22 scrolls of teleportation {@r3}
 g - 2 scrolls of blinking {@r4}
 m - 5 scrolls of poison
 r - 12 scrolls of immolation
 z - 3 scrolls of silence
 A - 5 scrolls of vulnerability
 B - a scroll of magic mapping {@r5}
 M - 7 scrolls of fog
 Q - 4 scrolls of torment
 R - 11 scrolls of fear
 T - 2 scrolls of butterflies
Potions
 e - 8 potions of haste {@q4}
 k - 9 potions of flight
 p - 23 potions of curing {@q1}
 q - 16 potions of heal wounds {@q2}
 u - 4 potions of magic
 y - 3 potions of resistance {@q5}
 G - 14 potions of lignification
 I - 2 potions of cancellation
 J - 15 potions of ambrosia
 L - 2 potions of invisibility
 N - 13 potions of mutation
 S - 9 potions of brilliance
Miscellaneous
 h - a condenser vane
 o - a phial of floods
 s - a phantom mirror
 F - a tin of tremorstones (2/2)
 V - a box of beasts


   Skills:
 - Level 14.8 Fighting
 - Level 2.0 Short Blades
 - Level 3.7(4.0) Maces & Flails
 - Level 1.6(2.9) Staves
 - Level 4.1 Ranged Weapons
 - Level 6.2 Throwing
 - Level 10.0 Dodging
 - Level 8.0 Stealth
 - Level 15.0 Shields
 - Level 17.0 Spellcasting
 - Level 10.0 Conjurations
 + Level 5.9 Translocations
 - Level 11.0 Transmutations
 - Level 20.0 Fire Magic
 - Level 24.0 Ice Magic
 - Level 6.0 Air Magic
 - Level 13.0 Earth Magic
 - Level 6.0 Evocations


You had 3 spell levels left.
You knew the following spells:

 Your Spells              Type           Power      Damage    Failure   Level
a - Ozocubu's Refrigerat  Ice            71%        4d23      1%          7
b - Iron Shot             Conj/Erth      43%        9d8       2%          6
c - Polar Vortex          Ice            71%        N/A       10%         9
d - Irradiate             Conj/Tmut      41%        3d25      1%          5
e - Sticky Flame          Conj/Fire      97%        2d11      1%          4
f - Freezing Cloud        Conj/Ice/Air   57%        6-21      1%          5
g - Ignition              Fire           54%        3d15      3%          8
h - Passage of Golubria   Tloc           66%        N/A       1%          4
j - Statue Form           Tmut/Erth      58%        N/A       1%          6
x - Swiftness             Air            66%        N/A       1%          3

Your spell library contained the following spells:

 Spells                   Type           Power      Damage    Failure   Level
 Freeze                   Ice            100%       1d10      0%          1
 Frozen Ramparts          Ice            100%       1d16      0%          3
 Hailstorm                Conj/Ice       100%       3d20      0%          3
 Ozocubu's Armour         Ice            100%       N/A       0%          3
 Beastly Appendage        Tmut           100%       N/A       1%          1
 Kiss of Death            Conj/Necr      100%       2d13      1%          1
 Magic Dart               Conj           100%       1d8       1%          1
 Necrotise                Necr           100%       1d9       1%          1
 Shock                    Conj/Air       100%       1d9       1%          1
 Slow                     Hex            100%       N/A       1%          1
 Summon Small Mammal      Summ           100%       N/A       1%          1
 Cigotuvi's Dreadful Rot  Necr/Pois/Air  92%        N/A       1%          2
 Ensorcelled Hibernation  Hex/Ice        100%       N/A       1%          2
 Momentum Strike          Conj/Tloc      100%       3d10      1%          2
 Passwall                 Tmut/Erth      73%        N/A       1%          2
 Poisonous Vapours        Pois/Air       100%       N/A       1%          2
 Searing Ray              Conj           100%       2d8       1%          2
 Static Discharge         Conj/Air       100%       2-7/arc   1%          2
 Wereblood                Tmut           85%        N/A       1%          2
 Dazzling Flash           Conj/Hex       100%       N/A       1%          3
 Gell's Gravitas          Tloc           66%        N/A       1%          3
 Ignite Poison            Fire/Tmut/Pois 82%        N/A       1%          3
 Kindle Blastsparks       Fire/Tloc/Air  100%       2d18      1%          3
 Mephitic Cloud           Conj/Pois/Air  63%        N/A       1%          3
 Portal Projectile        Hex/Tloc       100%       N/A       1%          3
 Spider Form              Tmut/Pois      64%        N/A       1%          3
 Teleport Other           Tloc           66%        N/A       1%          3
 Vhi's Electric Charge    Tloc/Air       100%       N/A       1%          3
 Sublimation of Blood     Necr           31%        N/A       2%          2
 Call Canine Familiar     Summ           31%        N/A       5%          3
 Confusing Touch          Hex            31%        N/A       5%          3
 Tukima's Dance           Hex            31%        N/A       5%          3
 Vampiric Draining        Necr           31%        2d8       5%          3
 Airstrike                Air            33%        2d(5-21)  1%          4
 Iskenderun's Mystic Bla  Conj/Tloc      74%        2d15      1%          4
 Leda's Liquefaction      Hex/Erth       34%        N/A       1%          4
 Petrify                  Tmut/Erth      88%        N/A       1%          4
 Summon Ice Beast         Ice/Summ       100%       N/A       1%          4
 Arcjolt                  Conj/Air       37%        1d47      1%          5
 Blade Hands              Tmut           42%        N/A       1%          5
 Lee's Rapid Deconstruct  Erth           45%        3d22*     1%          5
 Lightning Bolt           Conj/Air       37%        1d55      1%          5
 Metabolic Englaciation   Hex/Ice        55%        N/A       1%          5
 Starburst                Conj/Fire      48%        6d13      1%          6
 Fulminant Prism          Conj/Hex       31%        3d16      2%          4
 Summon Lightning Spire   Summ/Air       52%        N/A       5%          4
 Yara's Violent Unravell  Hex/Tmut       32%        3d13      5%          5
 Silence                  Hex/Air        26%        N/A       14%         5
 Summon Forest            Summ/Tloc      26%        N/A       16%         5
 Dragon Form              Tmut           42%        N/A       17%         7
 Cause Fear               Hex            15%        N/A       19%         4
 Dispel Undead            Necr           31%        3d14      19%         4
 Dispersal                Tloc           33%        N/A       24%         6
 Storm Form               Tmut/Air       38%        N/A       43%         7
 Agony                    Necr           31%        N/A       45%         5
 Summon Mana Viper        Hex/Summ       31%        N/A       45%         5
 Lehudib's Crystal Spear  Conj/Erth      43%        10d10     71%         8
 Fire Storm               Conj/Fire      48%        8d12      98%         9
 Enfeeble                 Hex            15%        N/A       100%        7
 Monstrous Menagerie      Summ           15%        N/A       100%        7
 Maxwell's Capacitive Co  Air            33%        ∞         100%        8
 Dragon's Call            Summ           15%        N/A       100%        9
 Simulacrum               Ice/Necr       Unusable   N/A       N/A         6
 Animate Dead             Necr           Unusable   N/A       N/A         4

Dungeon Overview and Level Annotations

Branches:
Dungeon (15/15)            Temple (1/1) D:7            Lair (5/5) D:10
 Shoals (4/4) Lair:2        Snake (4/4) Lair:3        Slime (5/5) Lair:4
    Orc (2/2) D:11            Elf (3/3) Orc:2        Vaults (4/5) D:14
  Crypt (0/3) Vaults:2     Depths (4/4) D:15            Zot (5/5) Depths:4
 WizLab (visited)         Gauntlet (visited)

Altars:
Ashenzari
Cheibriados
Dithmenos
Elyvilon
Fedhas
Gozag
Hepliaklqana
Kikubaaqudgha
Makhleb
Nemelex Xobeh
Okawaru
Qazlal
Ru
Sif Muna
Trog
Uskayaw
Vehumet
Wu Jian
Xom
Yredelemnul
Zin
The Shining One
Jiyva

Shops:
D:2 (   D:8 =   D:14 ?   D:15 [   Orc:1 ?*   Orc:2 [(*[:   Snake:3 [=:=
Vaults:2 *[   Vaults:3 [   Depths:4 (

Portals:
Hell: Depths:1 Depths:3 Depths:4
Abyss: D:13 Depths:1 Depths:3
Pandemonium: Depths:2 Depths:3
Ziggurat: Depths:1

Annotations:
D:4 Grinder
D:7 exclusion: 2 downstairs
D:10 exclusions: 3 doors and downstairs
Vaults:1 36 runed doors
Depths:3 1 transporter
Zot:1 4 transporters
Zot:2 Parghit


Innate Abilities, Weirdness & Mutations

You cannot wear most types of armour.
You are amphibious.
You can wear up to eight rings at the same time.
Your skin changes colour to match your surroundings (Stealth+).
Your rubbery body absorbs attacks. (AC +1, EV +1)
((You are camouflaged when in or above water. (Stealth+)))
You have tentacles for arms and can constrict up to eight enemies at once.
You have very sharp teeth.
You possess an exceptional clarity of mind.


Message History

The demonspawn corrupter is blasted with magical radiation!!
The demonspawn corrupter is severely wounded.
You are lightly contaminated with residual magic.
The demonspawn corrupter calls forth creatures from the Tomb of the Ancients!
A Puosoel, a red devil and a sun demon come into view.
The red devil is wielding a +2 demon trident of freezing.
Blink to where?
Press: ? - help, Dir - move target
As you read the scroll of blinking {@r4}, it crumbles to dust.
Puosoel moves out of view.
The red devil moves out of view.
The sun demon moves out of view.
The ancient champion casts a spell.
The ancient champion seems to speed up.
There is a stone staircase leading up here.
The teleport trap disappears.
The ancient champion disappears!
The ancient champion points at you and mumbles some strange words.
The iron shot hits you!!
You fly upwards.
There is a stone staircase leading down here.
You are no longer corroded.
A ynoxinul comes into view.
The ynoxinul gestures.
The ynoxinul gestures.
The ynoxinul gestures.
There is a stone staircase leading up here.
You fly upwards.
There is a stone staircase leading down here.
Your magical contamination has completely faded away.
There is an empty arch of ancient stone here.
A Brimstone Fiend comes into view.
Unknown command.
Okay, then.
Unknown command.
Blink to where?
Press: ? - help, Dir - move target
As you read the scroll of blinking {@r4}, it crumbles to dust.
Blink to where?
Press: ? - help, Dir - move target
As you read the scroll of blinking {@r4}, it crumbles to dust.
You have escaped!

.#................#..†.........#
###.....)....####...#..######..##
#..........###..#...## ##..#
###..........##..##.### ##..
.........)......#################
..#..........#####...........# #
#.............# ##.8.♣.8.♣.8)## #
#............####.§...........###
..##########...#@.≈≈≈≈≈≈≈§≈≈≈.∩..
### ######.............### #
##.8.♣.8.♣.8.## #...1.......#
#############


You could see a Brimstone Fiend.

Vanquished Creatures
  the Royal Jelly (Slime:5)
  A dread lich (Depths:1)
  An ancient lich (WizLab)
  A juggernaut (Depths:2)
  The ghost of Rifisioch the Wrestler, a veteran TrCK of Xom (Zot:1)
  Sojobo (Vaults:2)
  A caustic shrike (Depths:2)
  3 golden dragons
  A bone dragon (Depths:4)
  An electric golem (Zot:2)
  A shard shrike skeleton (Abyss:4)
  3 tentacled monstrosities
  Asterion (Elf:3)
  A titan (Vaults:3)
  A lich (Depths:1)
  23 acid blobs
  A deep elf master archer (Elf:3)
  2 quicksilver dragons
  An Orb Guardian (D:8)
  A walking earthen tome (Depths:2)
  5 deep elf blademasters
  4 sphinxes
  Polyphemus (Shoals:3)
  An Executioner (Abyss:4)
  5 tentacled starspawn
  Gastronok (Lair:1)
  The ghost of Kaleas the Brawler, an adept TrBe of Trog (Snake:2)
  4 shadow dragons
  Kirke (Shoals:4)
  6 tengu reavers
  10 azure jellies
  7 storm dragons
  Roxanne (Elf:2)
  13 vault wardens
  A demonspawn warmonger (D:11)
  2 draconian monks
  5 nagarajas (Snake:4)
  13 rockslimes
  5 deep elf sorcerers
  7 frost giants
  5 fire giants
  A caustic shrike zombie (Depths:4)
  Louise (Elf:1)
  Aizul (Snake:4)
  3 orc warlords
  The ghost of Buphadet the Fighter, a journeyman AtBe of Trog (D:13)
  3 cacodemons (Abyss:4)
  A spriggan defender (Depths:4)
  A deep elf elementalist (Elf:3)
  3 balrugs
  A draconian shifter (Depths:4)
  A demonspawn corrupter (D:11)
  2 draconian stormcallers (Zot:1)
  14 ironbound preservers
  A reaper (D:11)
  8 ironbound thunderhulks
  3 war gargoyles
  10 quicksilver oozes
  16 stone giants
  25 very ugly things
  4 vampire knights
  4 green draconians
  9 deep elf annihilators
  Nessos (D:14)
  7 dire elephants (Vaults:1)
  A deep elf demonologist (Elf:3)
  2 purple draconians
  Azrael (D:13)
  8 black draconians
  A minotaur (Gauntlet)
  14 spark wasps
  A white draconian (Depths:4)
  3 red draconians (Zot:1)
  2 yellow draconians
  A blizzard demon (Depths:2)
  14 ettins
  9 fire dragons
  A merfolk javelineer (Shoals:4)
  13 yaktaur captains
  2 crystal guardians
  7 deep elf death magi (Elf:3)
  2 jiangshi (Depths:2)
  An entropy weaver (Vaults:3)
  9 merfolk impalers
  3 deep elf high priests
  10 great orbs of eyes
  10 vault guards
  Fannar (D:11)
  2 peacekeepers (Vaults:3)
  9 ice dragons
  Erolcha (D:12)
  9 hydras
  9 spriggan air magi
  12 rakshasas
  11 centaur warriors
  A hell beast (Gauntlet)
  4 salamander tyrants
  10 anacondas
  3 boulder beetles
  2 merfolk aquamancers
  13 ironbound frosthearts
  4 merfolk avatars
  25 dancing weapons
  2 catoblepae
  A death scarab (Gauntlet)
  An alligator snapping turtle (Shoals:1)
  A death knight (D:14)
  13 naga warriors
  9 deep troll earth magi
  An alligator (Lair:4)
  15 tengu warriors
  5 two-headed ogres
  8 deep troll shamans
  3 satyrs (Shoals:4)
  A thrashing horror (Abyss:1)
  16 death yaks
  A vampire mage (Depths:2)
  A hell hog (Abyss:1)
  4 skysharks
  12 spriggan berserkers
  9 shock serpents
  Nergalle (D:12)
  2 hell knights (Depths:2)
  3 orc high priests (Orc:2)
  7 salamander mystics
  14 naga sharpshooters
  19 deep elf knights
  7 sun demons
  A fire crab (Lair:4)
  4 spriggans
  2 sixfirhies
  4 wretched stars
  9 skeletal warriors
  Amaemon (D:11)
  60 deep trolls
  11 iron trolls
  4 golden dragon zombies
  13 sea snakes
  A shadow demon (D:3)
  An anaconda zombie (Abyss:1)
  An obsidian statue (Zot:1)
  3 flayed ghosts
  5 glowing orange brains
  6 naga ritualists
  33 large abominations
  12 lindwurms
  11 deep elf archers
  A phantasmal warrior (Vaults:2)
  An orange crystal statue (Depths:3)
  15 wizards
  13 orc knights
  15 ironbound convokers
  A sphinx zombie (WizLab)
  15 mana vipers
  23 deep elf zephyrmancers
  2 necromancers
  16 cyclopes
  5 shining eyes
  8 orc sorcerers
  6 harpies
  11 fauns
  20 deep elf pyromancers
  25 salamanders
  A stone giant zombie (WizLab)
  A frost giant zombie (WizLab)
  39 ugly things
  10 moths of wrath
  29 elephants
  19 manticores
  A fire giant zombie (WizLab)
  4 worldbinders
  17 vault sentinels
  32 black mambas
  A demonspawn zombie (WizLab)
  4 merfolk sirens
  5 guardian serpents
  Maurice (D:10)
  An apocalypse crab (Abyss:4)
  10 water nymphs
  11 cane toads
  2 eyes of devastation
  2 orange demons
  13 naga magi
  3 smoke demons
  4 unseen horrors
  4 rime drakes
  2 efreet
  A kobold demonologist (D:10)
  An unseen horror (shapeshifter) (D:15)
  2 freezing wraiths
  A yaktaur skeleton (Vaults:3)
  An ice devil (Depths:3)
  An anaconda simulacrum (Abyss:4)
  6 komodo dragons
  Psyche (D:11)
  A hellion (Abyss:4)
  3 human skeletons (Vaults:3)
  A tormentor (Abyss:1)
  33 yaktaurs
  5 tengu conjurers
  8 trolls
  A merfolk (shapeshifter) (Depths:2)
  2 ancient zymes (Abyss:4)
  3 hellwings
  38 merfolk
  8 wind drakes
  6 meliai
  A queen bee (D:10)
  A troll (shapeshifter) (Elf:3)
  2 polar bears
  A guardian mummy (WizLab)
  6 hornets
  A blink frog (shapeshifter) (D:14)
  12 raiju
  8 blink frogs
  7 snapping turtles
  12 dream sheep
  118 slime creatures
  An ettin zombie (WizLab)
  3 shadows
  4 flying skulls
  An ettin skeleton (Abyss:5)
  39 yaks
  4 ynoxinuls
  10 fire elementals
  5 wyverns
  18 starcursed masses
  14 water elementals
  2 spriggan zombies (WizLab)
  3 vampires
  3 hogs (Shoals:4)
  A spectral black mamba (Gauntlet)
  6 wraiths
  7 basilisks
  Grum (D:8)
  25 golden eyes
  9 vampire mosquitoes
  A chaos spawn (D:3)
  5 neqoxecs
  23 small abominations
  An ogre zombie (WizLab)
  9 wargs
  40 nagas
  3 tengu zombies (WizLab)
  A glowing shapeshifter zombie (WizLab)
  A hell hound (D:13)
  15 water moccasins
  3 floating eyes
  2 sky beasts
  28 orc warriors
  A human zombie (WizLab)
  2 black bears
  3 ice beasts
  7 boggarts
  7 ogres
  15 wolves
  4 centaurs
  2 kobold brigands
  2 necrophages
  A glowing shapeshifter simulacrum (Vaults:3)
  13 bullfrogs
  An earth elemental (Elf:3)
  3 scorpions
  15 wights
  36 killer bees
  6 howler monkeys
  5 electric eels
  5 hounds
  A gnoll bouda (D:7)
  13 jellies
  9 orc priests
  10 hell rats
  4 iguanas
  24 orc wizards
  11 adders
  11 gnolls
  8 river rats (Lair:1)
  2 shadow imps
  2 white imps
  7 ufetubi
  A worm (D:4)
  7 dart slugs
  70 orcs
  6 bats
  6 endoplasms
  15 goblins
  11 hobgoblins
  9 jackals
  14 kobolds
  A quokka (D:1)
  5 ball pythons
  2 frilled lizards
  10 rats
  14 bushes (Depths:2)
  2 plants
  7 starspawn tentacles
2218 creatures vanquished.

Vanquished Creatures (collateral kills)
  6 Killer Klowns (Zot:5)
  A curse toe (Zot:5)
  2 golden dragons
  A Tzitzimitl (Zot:5)
  3 electric golems
  3 tentacled monstrosities
  9 Orb Guardians (Zot:5)
  A quicksilver dragon (Zot:5)
  3 death cobs
  2 shadow dragons (Zot:5)
  7 storm dragons
  2 draconian monks
  A draconian knight (Zot:1)
  A war gargoyle (Zot:2)
  2 black draconians
  A green draconian (Zot:5)
  3 white draconians (Zot:5)
  3 shock serpents (Zot:2)
  A large abomination (Zot:5)
  2 sixfirhies
  19 moths of wrath
  A raiju (Zot:2)
  5 lightning spires (Zot:2)
  A ball lightning (Zot:2)
80 creatures vanquished.

Vanquished Creatures (others)
  4 orbs of fire (Zot:5)
  2 ancient liches (Zot:5)
  Vv (Zot:5)
  2 Killer Klowns (Zot:5)
  A curse toe (Zot:5)
  2 tentacled monstrosities
  11 Orb Guardians (Zot:5)
  A shadow dragon (Zot:5)
  2 death cobs
  3 draconian monks
  3 storm dragons (Zot:2)
  A fire giant (Depths:2)
  2 draconian scorchers (Zot:1)
  2 draconian shifters
  2 war gargoyles (Zot:2)
  2 green draconians
  A yellow draconian (Zot:1)
  3 black draconians
  A white draconian (Zot:1)
  A purple draconian (Zot:1)
  A boulder beetle (D:13)
  A shock serpent (Zot:2)
  A deep elf knight (Elf:2)
  3 moths of wrath
  A raiju (Zot:2)
  2 humans (Shoals:4)
  A golden eye (Abyss:1)
  2 small abominations (Abyss:4)
  An orc (D:7)
  4 ball lightnings (Zot:2)
  A bush (Depths:2)
  49 fungi
  A lurking horror (Abyss:4)
  289 plants
  3 starspawn tentacles
407 creatures vanquished.

Grand Total: 2705 creatures vanquished

Notes
Turn   | Place    | Note
-------+----------+-------------------------------------------
     0 | D:5      | iguanaiguana the Octopode Delver began the quest for the
                  | Orb.
     0 | D:5      | Reached XP level 1. HP: 16/16 MP: 1/1
     3 | D:6      | Reached XP level 2. HP: 21/21 MP: 2/2
   220 | D:2      | Found Ophug's Weapon Shoppe.
   362 | D:1      | Reached XP level 3. HP: 26/26 MP: 3/3
   996 | D:2      | Found a burning altar of Makhleb.
  1154 | D:2      | Reached XP level 4. HP: 32/32 MP: 4/4
  1535 | D:3      | Found an opulent altar of Gozag.
  1954 | D:3      | Reached skill level 1 in Staves
  2377 | D:4      | Reached XP level 5. HP: 30/37 MP: 5/5
  2383 | D:4      | Reached skill level 1 in Evocations
  3156 | D:3      | Became a worshipper of Gozag Ym Sagoz the Greedy
  3426 | D:4      | Found a bloodstained altar of Trog.
  3528 | D:4      | Reached XP level 6. HP: 37/43 MP: 6/6
  3836 | D:4      | Found a blossoming altar of Fedhas.
  3921 | D:4      | Noticed Grinder
  4368 | D:5      | Reached skill level 1 in Throwing
  4811 | D:5      | Identified the +0 pair of boots of Zin's Castigation {+Inv
                  | Will- Str-4 Stlth+}
  5032 | D:5      | Noticed an ice beast
  5354 | D:3      | Reached XP level 7. HP: 48/48 MP: 7/7
  5901 | D:3      | Reached skill level 5 in Fighting
  6353 | D:5      | Reached skill level 1 in Maces & Flails
  6728 | D:6      | Reached XP level 8. HP: 56/57 MP: 8/8
  6835 | D:6      | Found a basalt altar of Yredelemnul.
  7810 | D:6      | Reached skill level 5 in Throwing
  8023 | D:7      | Found a staircase to the Ecumenical Temple.
  8175 | D:7      | Reached XP level 9. HP: 52/62 MP: 9/9
  8637 | D:7      | Reached skill level 5 in Dodging
  9561 | D:7      | Reached skill level 5 in Evocations
  9649 | D:8      | Noticed Grum
  9835 | Temple   | Entered the Ecumenical Temple
  9965 | D:8      | Killed Grum
 10062 | D:8      | Reached XP level 10. HP: 34/72 MP: 10/10
 10329 | D:8      | Found a viscous altar of Jiyva.
 11924 | D:8      | Bought the ring "Ciz Ele" {rC+ AC+4} for 550 gold pieces
 12211 | D:9      | Found a hide-covered altar of Uskayaw.
 12213 | D:9      | Found a shadowy altar of Dithmenos.
 12226 | D:9      | Reached skill level 10 in Fighting
 12230 | D:9      | Reached skill level 1 in Ranged Weapons
 12580 | D:10     | Entered Level 10 of the Dungeon
 12633 | D:10     | Noticed a death yak
 12633 | D:10     | Noticed a death yak
 12633 | D:10     | Noticed a death yak
 12635 | D:10     | Noticed a death yak
 12636 | D:10     | Noticed a death yak
 12656 | D:9      | Killed a death yak
 12657 | D:9      | Reached XP level 11. HP: 81/81 MP: 11/11
 12735 | D:8      | Learned a level 3 spell: Frozen Ramparts
 12739 | D:8      | Learned a level 3 spell: Ozocubu's Armour
 12838 | D:9      | Reached skill level 1 in Ice Magic
 12874 | D:10     | Reached skill level 1 in Spellcasting
 13058 | D:10     | Found a radiant altar of Vehumet.
 13372 | D:10     | Noticed Maurice
 13378 | D:10     | Killed a death yak
 13379 | D:10     | Reached skill level 3 in Ice Magic
 13379 | D:10     | Killed a death yak
 13380 | D:10     | Reached skill level 4 in Ice Magic
 13384 | D:10     | Killed a death yak
 13394 | D:10     | Killed a death yak
 13395 | D:10     | Reached skill level 5 in Ice Magic
 13399 | D:10     | Killed Maurice
 13400 | D:10     | Reached skill level 6 in Ice Magic
 13464 | D:10     | Found a staircase to the Lair.
 13485 | D:10     | Found a white marble altar of Elyvilon.
 13931 | D:10     | Reached skill level 7 in Ice Magic
 14460 | D:10     | Noticed a two-headed ogre
 14484 | D:10     | Killed a two-headed ogre
 14489 | D:10     | Noticed a cyclops
 14502 | D:10     | Killed a cyclops
 14503 | D:10     | Reached skill level 8 in Ice Magic
 14757 | D:10     | Noticed a five-headed hydra
 14760 | D:10     | Reached XP level 12. HP: 82/87 MP: 9/18
 14771 | D:10     | Killed a five-headed hydra
 15215 | D:11     | Noticed Psyche
 15449 | D:11     | Noticed a two-headed ogre
 15464 | D:11     | Killed a two-headed ogre
 15465 | D:11     | Noticed Fannar
 15473 | D:11     | Found a staircase to the Orcish Mines.
 15484 | D:11     | Killed Fannar
 15610 | Lair:1   | Entered Level 1 of the Lair of Beasts
 16068 | Lair:1   | Noticed Gastronok
 16238 | Lair:1   | Killed Gastronok
 17481 | D:8      | Bought the amulet of Vitality {RegenMP++ Regen++} for 1100
                  | gold pieces
 17481 | D:8      | Found the amulet of Vitality {RegenMP++ Regen++}
 17806 | Lair:2   | Reached skill level 10 in Dodging
 17859 | Lair:2   | Reached skill level 1 in Conjurations
 17859 | Lair:2   | Reached skill level 1 in Fire Magic
 17875 | Lair:2   | Learned a level 4 spell: Sticky Flame
 18135 | Lair:2   | Found a staircase to the Shoals.
 18562 | Lair:3   | Reached XP level 13. HP: 93/97 MP: 13/19
 18897 | Lair:3   | Found a staircase to the Snake Pit.
 18924 | Lair:3   | Reached skill level 5 in Conjurations
 18924 | Lair:3   | Reached skill level 5 in Fire Magic
 19581 | D:11     | Killed Psyche
 19671 | D:11     | Noticed Amaemon
 19680 | D:11     | Killed Amaemon
 19681 | D:11     | Reached skill level 5 in Spellcasting
 20038 | Orc:1    | Entered Level 1 of the Orcish Mines
 20038 | Orc:1    | Noticed an ettin
 20055 | Orc:1    | Killed an ettin
 20211 | Orc:2    | Entered Level 2 of the Orcish Mines
 20213 | Orc:2    | Found Heczeoj's Book Boutique.
 20289 | Orc:2    | Found Edwaacow's Antique Armour Emporium.
 20333 | Orc:2    | Noticed an orc warlord
 20360 | Orc:2    | Reached skill level 1 in Air Magic
 20380 | Orc:2    | Killed an orc warlord
 20392 | Orc:2    | Found Vaceqipe's Antique Armour Shop.
 20433 | Orc:2    | Found a gate leading to a gauntlet.
 20445 | Gauntlet | Entered a Gauntlet
 20445 | Gauntlet | Found a transporter.
 20445 | Gauntlet | Found a transporter.
 20446 | Gauntlet | Found a transporter.
 20449 | Gauntlet | Found a transporter.
 20449 | Gauntlet | Found a transporter.
 20461 | Gauntlet | Found a transporter.
 20463 | Gauntlet | Found a transporter.
 20473 | Gauntlet | Found a transporter.
 20565 | Gauntlet | Found a transporter.
 20573 | Gauntlet | Found a transporter.
 20577 | Gauntlet | Found a transporter.
 20587 | Gauntlet | Found a transporter.
 20701 | Gauntlet | Reached XP level 14. HP: 87/103 MP: 26/26
 20743 | Gauntlet | Identified the +1 pair of gloves "Allomim" {Dex+3}
 20814 | Gauntlet | Identified the amulet of Cetagg {RegenMP rC- Regen+ Dex+7
                  | Slay+3}
 20933 | Orc:2    | Reached skill level 5 in Air Magic
 20944 | Orc:2    | Noticed an orc warlord
 20959 | Orc:2    | Killed an orc warlord
 20979 | Orc:2    | Reached skill level 1 in Transmutations
 20979 | Orc:2    | Reached skill level 1 in Earth Magic
 21229 | Orc:2    | Found a staircase to the Elven Halls.
 21389 | Orc:2    | Found Etycaoheja's Antique Weapon Shop.
 21461 | Orc:2    | Found Taahon's General Store.
 21666 | Orc:2    | Bought a book of Ice for 828 gold pieces
 21672 | Orc:2    | Learned a level 5 spell: Freezing Cloud
 21672 | Orc:2    | Bought a book of Sloth for 648 gold pieces
 21676 | Orc:2    | Learned a level 3 spell: Swiftness
 21682 | Orc:2    | Learned a level 5 spell: Irradiate
 21689 | Orc:2    | Learned a level 6 spell: Statue Form
 21793 | Orc:1    | Found Qebasius's Magic Scroll Emporium.
 21855 | Orc:1    | Found Sidoss's CLEARANCE SALE!.
 21931 | Orc:1    | Bought a wand of iceblast (2) for 9 gold pieces
 21931 | Orc:1    | Bought a scroll of identify for 4 gold pieces
 22166 | D:8      | Bought the ring "Gaczuujo" {rElec rPois rN+} for 420 gold
                  | pieces
 22169 | D:8      | Bought a +5 ring of evasion for 396 gold pieces
 22633 | Lair:4   | Reached skill level 5 in Earth Magic
 22666 | Lair:4   | Reached skill level 5 in Transmutations
 22861 | Lair:4   | Found a viscous altar of Jiyva.
 22861 | Lair:4   | Found a staircase to the Slime Pits.
 23382 | Lair:4   | Reached XP level 15. HP: 90/108 MP: 27/27
 23681 | Lair:5   | Entered Level 5 of the Lair of Beasts
 24454 | Lair:5   | Found the +4 robe of Folly {Brill Will-∞ Int+8}
 24919 | D:12     | Noticed Erolcha
 24921 | D:12     | Noticed Nergalle
 24922 | D:12     | Killed Erolcha
 24923 | D:12     | Reached skill level 10 in Spellcasting
 24927 | D:12     | Killed Nergalle
 25154 | D:12     | Found a glowing silver altar of Zin.
 25508 | D:13     | Noticed Azrael
 25519 | D:13     | Killed Azrael
 25661 | D:13     | Found a transporter.
 25694 | D:13     | Found a one-way gate to the infinite horrors of the Abyss.
 25702 | D:13     | Reached skill level 1 in Shields
 25842 | D:13     | Found a transporter.
 26260 | D:13     | Found a runed translucent door.
 26358 | D:13     | Reached XP level 16. HP: 114/114 MP: 30/30
 26460 | D:13     | Reached skill level 5 in Shields
 26726 | D:13     | Found a portal to a secret trove of treasure.
 26836 | D:13     | Noticed Buphadet's ghost (journeyman AtBe)
 26965 | D:13     | Noticed a storm dragon
 26972 | D:13     | Killed a storm dragon
 26973 | D:13     | Reached skill level 9 in Ice Magic
 27178 | D:14     | Found Locyrr's Magic Scroll Shoppe.
 27257 | D:14     | Reached skill level 10 in Ice Magic
 27443 | D:14     | Found a gate to the Vaults.
 27653 | D:14     | Noticed Nessos
 27659 | D:14     | Killed Nessos
 27668 | D:14     | Reached skill level 11 in Ice Magic
 28005 | D:15     | Entered Level 15 of the Dungeon
 28019 | D:15     | Found a glowing golden altar of the Shining One.
 28255 | D:15     | Found Efatavaw's Book Emporium.
 28602 | D:15     | Reached skill level 12 in Ice Magic
 28991 | D:15     | Found Filaag's Armour Emporium.
 29238 | D:15     | Found a staircase to the Depths.
 29255 | D:15     | Reached skill level 13 in Ice Magic
 29512 | Snake:1  | Entered Level 1 of the Snake Pit
 29951 | Snake:1  | Reached XP level 17. HP: 119/119 MP: 31/31
 29959 | Snake:1  | Learned a level 7 spell: Ozocubu's Refrigeration
 30292 | Snake:1  | Reached skill level 14 in Ice Magic
 31015 | Snake:2  | Reached skill level 15 in Ice Magic
 31241 | Snake:2  | Found a runed translucent door.
 31241 | Snake:2  | Noticed Kaleas's ghost (adept TrBe)
 31296 | Snake:2  | Killed Kaleas's ghost
 31873 | Snake:3  | Reached skill level 16 in Ice Magic
 32149 | Snake:3  | Identified the amulet "Hegin" {Reflect Str+3 SH+5}
 32325 | Snake:3  | Found Sighuga's Antique Armour Shop.
 32449 | Snake:3  | Found Tuxeuffe's Jewellery Shoppe.
 32450 | Snake:3  | Found Pedan's Book Shop.
 32452 | Snake:3  | Found Xisep's Jewellery Shoppe.
 32469 | Snake:3  | Bought the ring of the Past {rN+ Str+3 Int+4 Dex-4 SInv}
                  | for 520 gold pieces
 33181 | Snake:4  | Entered Level 4 of the Snake Pit
 33535 | Snake:4  | Reached XP level 18. HP: 108/126 MP: 25/34
 33831 | Snake:4  | Reached skill level 10 in Earth Magic
 34025 | Snake:4  | Noticed Aizul
 34030 | Snake:4  | Killed Aizul
 34429 | Snake:3  | Bought Beacaec's Encyclopedia of Combative Quicksand for
                  | 504 gold pieces
 34436 | Snake:3  | Learned a level 6 spell: Iron Shot
 34674 | Snake:4  | Got a serpentine rune of Zot
 34699 | Snake:4  | Reached skill level 10 in Conjurations
 35164 | Shoals:1 | Entered Level 1 of the Shoals
 35875 | Shoals:1 | You fall into a shaft and drop 1 floor!
 37468 | Shoals:3 | Reached skill level 10 in Shields
 37469 | Shoals:3 | Reached XP level 19. HP: 131/131 MP: 20/35
 37481 | Shoals:3 | Noticed Polyphemus
 37490 | Shoals:3 | Killed Polyphemus
 38530 | Shoals:4 | Entered Level 4 of the Shoals
 38666 | Shoals:4 | Identified the +4 trident of the Unspeakable One {heavy,
                  | Fly rF- rN++}
 38806 | Shoals:4 | Noticed Kirke
 38811 | Shoals:4 | Killed Kirke
 39408 | Shoals:4 | Reached skill level 17 in Ice Magic
 39460 | Shoals:4 | Identified the +7 war axe "Qeif" {freeze, Drain rElec
                  | rPois}
 39899 | Shoals:4 | Got a barnacled rune of Zot
 40149 | D:13     | Killed Buphadet's ghost
 40360 | Elf:1    | Entered Level 1 of the Elven Halls
 40526 | Elf:1    | Learned a level 5 spell: Lee's Rapid Deconstruction
 40551 | Elf:1    | Noticed Louise
 40555 | Elf:1    | Killed Louise
 41546 | Elf:2    | Found a runed translucent gate.
 41546 | Elf:2    | Found a runed translucent gate.
 41551 | Elf:2    | Found a runed translucent gate.
 41704 | Elf:2    | Reached XP level 20. HP: 137/137 MP: 35/38
 41781 | Elf:2    | Noticed Roxanne
 41794 | Elf:2    | Killed Roxanne
 42076 | Elf:2    | Reached skill level 10 in Transmutations
 42440 | Elf:3    | Entered Level 3 of the Elven Halls
 42607 | Elf:3    | Noticed Asterion
 42622 | Elf:3    | Killed Asterion
 43624 | Elf:3    | Identified the +8 shortbow of Noon {freeze, *Slow Str+7
                  | Int+5}
 43733 | Elf:3    | Identified the ring of Gudo {Will+ SInv}
 43784 | Elf:3    | Identified the +1 war axe "Ofiateigg" {heavy, Fly rCorr
                  | Dex-3}
 43853 | Elf:3    | Identified the +1 battleaxe "Reumy" {freeze, Int+4}
 43862 | Elf:3    | Identified the +0 falchion "Weul" {venom, rCorr}
 43866 | Elf:3    | Identified the +3 dagger of the Seeker {venom, Dex+3}
 44164 | Vaults:1 | Entered Level 1 of the Vaults
 44191 | Vaults:1 | Reached skill level 15 in Spellcasting
 44199 | Vaults:1 | Reached XP level 21. HP: 143/143 MP: 4/40
 44589 | Slime:1  | Entered Level 1 of the Pits of Slime
 46128 | Slime:4  | Reached skill level 10 in Fire Magic
 47836 | Vaults:1 | Found a huge runed gate.
 47836 | Vaults:1 | Found a huge runed gate.
 47836 | Vaults:1 | Found a huge runed gate.
 47836 | Vaults:1 | Found a huge runed gate.
 47836 | Vaults:1 | Found a huge runed gate.
 47836 | Vaults:1 | Found a huge runed gate.
 47836 | Vaults:1 | Found a huge runed gate.
 47837 | Vaults:1 | Found a huge runed gate.
 47837 | Vaults:1 | Found a huge runed gate.
 47837 | Vaults:1 | Found a huge runed gate.
 47838 | Vaults:1 | Found a huge runed gate.
 47839 | Vaults:1 | Found a huge runed gate.
 47840 | Vaults:1 | Found a huge runed gate.
 47841 | Vaults:1 | Found a huge runed gate.
 47842 | Vaults:1 | Found a huge runed gate.
 48278 | Vaults:1 | Found a huge runed gate.
 48279 | Vaults:1 | Found a huge runed gate.
 48280 | Vaults:1 | Found a huge runed gate.
 48281 | Vaults:1 | Found a huge runed gate.
 48289 | Vaults:1 | Found a huge runed gate.
 48289 | Vaults:1 | Found a huge runed gate.
 48289 | Vaults:1 | Found a huge runed gate.
 48289 | Vaults:1 | Found a huge runed gate.
 48289 | Vaults:1 | Found a huge runed gate.
 48289 | Vaults:1 | Found a huge runed gate.
 48290 | Vaults:1 | Found a huge runed gate.
 48291 | Vaults:1 | Found a huge runed gate.
 48292 | Vaults:1 | Found a huge runed gate.
 48300 | Vaults:1 | Found a huge runed gate.
 48300 | Vaults:1 | Found a huge runed gate.
 48300 | Vaults:1 | Found a huge runed gate.
 48300 | Vaults:1 | Found a huge runed gate.
 48300 | Vaults:1 | Found a huge runed gate.
 48300 | Vaults:1 | Found a huge runed gate.
 48301 | Vaults:1 | Found a huge runed gate.
 48302 | Vaults:1 | Found a huge runed gate.
 49312 | Vaults:2 | Found Isegowk's Antique Armour Shoppe.
 49907 | Vaults:2 | Found Leyst's Assorted Antiques.
 50275 | Vaults:2 | Reached XP level 22. HP: 148/148 MP: 23/41
 50427 | Vaults:2 | Noticed Sojobo
 50434 | Vaults:2 | Killed Sojobo
 50599 | Vaults:2 | Found a staircase to the Crypt.
 51087 | Vaults:2 | Reached skill level 15 in Fire Magic
 51436 | Vaults:2 | Learned a level 8 spell: Ignition
 53222 | Vaults:2 | Gained mutation: You are vulnerable to heat. (rF-)
                  | [mutagenic glow]
 53231 | Vaults:2 | Lost mutation: You are vulnerable to heat. (rF-) [potion of
                  | mutation]
 53231 | Vaults:2 | Gained mutation: You possess an exceptional clarity of
                  | mind. [potion of mutation]
 53231 | Vaults:2 | Gained mutation: You have very sharp teeth. [potion of
                  | mutation]
 53710 | Vaults:3 | Found Koushiapry's Armour Shop.
 54549 | Vaults:4 | Found a flickering gateway to a bazaar.
 54567 | Bazaar   | Entered a bazaar
 54567 | Bazaar   | Found Mifeced's Distillery.
 54581 | Bazaar   | Found Untuse's Assorted Antiques.
 54596 | Bazaar   | Found Puph's Antique Weapon Boutique.
 54602 | Bazaar   | Found Duerph's Assorted Antiques.
 54610 | Bazaar   | Found Xeng's Jewellery Boutique.
 54618 | Bazaar   | Bought the ring "Malua" {rN+ AC+4} for 613 gold pieces
 54623 | Bazaar   | Bought a ring of protection from fire for 325 gold pieces
 54662 | Bazaar   | Bought 2 potions of haste for 160 gold pieces
 54662 | Bazaar   | Bought a potion of mutation for 64 gold pieces
 54662 | Bazaar   | Bought a potion of mutation for 64 gold pieces
 54965 | Vaults:4 | Reached XP level 23. HP: 153/153 MP: 39/42
 55983 | Depths:1 | Entered Level 1 of the Depths
 56058 | Depths:1 | Found a gateway to Hell.
 56222 | Depths:1 | Found a stormy altar of Qazlal.
 56657 | Depths:1 | Noticed a dread lich
 56660 | Depths:1 | Found a one-way gateway to a ziggurat.
 57062 | Depths:1 | Killed a dread lich
 57476 | Depths:2 | Found a one-way gate leading to the halls of Pandemonium.
 57595 | Depths:2 | Noticed a golden dragon
 57608 | Depths:2 | Killed a golden dragon
 57913 | Depths:2 | Reached XP level 24. HP: 160/160 MP: 29/44
 58136 | Depths:2 | Noticed a caustic shrike
 58141 | Depths:2 | Killed a caustic shrike
 58160 | Depths:2 | Reached skill level 18 in Ice Magic
 58212 | Depths:2 | Identified the +10 spear of Teg Giam {distort, rN+ Int+4}
 58213 | Depths:2 | Noticed a juggernaut
 58221 | Depths:2 | Killed a juggernaut
 59005 | Depths:3 | Found a magical portal.
 59010 | WizLab   | Entered Doroklohe's Tomb
 59209 | WizLab   | Noticed an ancient lich
 59226 | WizLab   | Killed an ancient lich
 59903 | Depths:3 | Found a shadowy altar of Dithmenos.
 60015 | Depths:3 | Found a transporter.
 60016 | Depths:3 | Found a radiant altar of Vehumet.
 60153 | Depths:3 | Noticed a dread lich
 60360 | Depths:3 | Identified the +2 scale mail of the Six of Cups {Int+5}
 60458 | Depths:3 | Voluntarily entered the Abyss.
 60598 | Abyss:1  | Found a shimmering blue altar of Sif Muna.
 60636 | Abyss:1  | Found a basalt altar of Yredelemnul.
 60784 | Abyss:1  | Reached skill level 15 in Shields
 60895 | Abyss:1  | Found a corrupted altar of Lugonu.
 61223 | Abyss:2  | Found a corrupted altar of Lugonu.
 61289 | Depths:3 | Escaped the Abyss
 61291 | Depths:3 | Voluntarily entered the Abyss.
 61391 | Abyss:2  | Found a corrupted altar of Lugonu.
 61442 | Abyss:3  | Found a stormy altar of Qazlal.
 61473 | Abyss:4  | Found a corrupted altar of Lugonu.
 61507 | Abyss:4  | Reached skill level 19 in Ice Magic
 61526 | Abyss:4  | Reached XP level 25. HP: 165/165 MP: 7/44
 61563 | Abyss:4  | Got an abyssal rune of Zot
 61638 | Abyss:5  | Found a corrupted altar of Lugonu.
 61677 | Depths:3 | Escaped the Abyss
 61679 | Depths:3 | Reached skill level 20 in Ice Magic
 62199 | D:13     | You showed the abyssal rune of Zot to enter a treasure
                  | trove
 62200 | Trove    | Entered a treasure trove
 62207 | Trove    | Identified the +4 triple crossbow "Raisin" {freeze, Fragile
                  | rPois Str-2 Dex+4}
 62217 | Trove    | Identified the ring "Miowiorag" {rF- Dex+8 Slay+4}
 62219 | Trove    | Identified the ring of Neurosis {Fly rF- Int-3 Dex+8}
 62221 | Trove    | Identified the ring "Mokhopp" {Contam Fly rElec rF+++ rN+}
 62223 | Trove    | Identified the +0 hat of a ziggurat {SInv}
 62438 | Slime:5  | Entered Level 5 of the Pits of Slime
 62648 | Slime:5  | Noticed the Royal Jelly
 62655 | Slime:5  | Killed the Royal Jelly
 62909 | Slime:5  | Found the +3 warlock's mirror {omnireflect}
 62911 | Slime:5  | Identified the +0 great sword of Somewhere Else {drain,
                  | rPois rC++ rCorr Int+3}
 62914 | Slime:5  | Identified the +1 steam dragon scales of the Raven {Regen+}
 62915 | Slime:5  | Identified the +8 battleaxe of Zukol {flame, Str+2 SInv}
 62929 | Slime:5  | Found the +27 heavy crossbow "Sniper" {heavy, Acc+∞ SInv}
 62937 | Slime:5  | Identified the ring "Taodenuk" {Fire Str+4}
 62947 | Slime:5  | Got a slimy rune of Zot
 62987 | Slime:5  | Got Ikkughyu's Atlas of the Entourage
 63005 | Slime:5  | Reached skill level 21 in Ice Magic
 63057 | Slime:5  | Learned a level 9 spell: Polar Vortex
 63709 | Depths:4 | Entered Level 4 of the Depths
 63870 | Depths:3 | Reached XP level 26. HP: 171/171 MP: 44/44
 64180 | Depths:4 | Reached skill level 22 in Ice Magic
 64466 | Depths:4 | Found a gate to the Realm of Zot.
 64672 | Depths:4 | Found Reybiy's Antique Weapon Emporium.
 65119 | Depths:4 | Found a basalt altar of Yredelemnul.
 65182 | Zot:1    | Entered Level 1 of the Realm of Zot
 65218 | Zot:1    | Found a runed translucent gate.
 65219 | Zot:1    | Found a runed translucent gate.
 65220 | Zot:1    | Found a runed translucent gate.
 65220 | Zot:1    | Found an opulent altar of Gozag.
 65223 | Zot:1    | Noticed Rifisioch's ghost (veteran TrCK)
 65236 | Zot:1    | Reached skill level 23 in Ice Magic
 65253 | Zot:1    | Killed Rifisioch's ghost
 65484 | Zot:1    | Reached XP level 27. HP: 177/177 MP: 44/44
 65583 | Zot:1    | Found a transporter.
 65598 | Zot:1    | Found a transporter.
 65638 | Zot:1    | Found a transporter.
 65986 | Zot:1    | Found a transporter.
 66212 | Zot:2    | Noticed Parghit
 66432 | Zot:2    | Reached skill level 24 in Ice Magic
 66824 | Zot:2    | Noticed Vv
 67241 | Zot:3    | Noticed an orb of fire
 67792 | Zot:3    | Noticed an orb of fire
 67802 | Zot:3    | Identified the +1 hand axe "Mownuri" {drain, Dex+3}
 67803 | Zot:3    | Got the Folio of The Black Sun
 67890 | Zot:5    | Entered Level 5 of the Realm of Zot
 67987 | Zot:5    | Noticed an ancient lich
 68013 | Zot:5    | Noticed an ancient lich
 68045 | Zot:5    | Your ally Vv died
 68052 | Zot:5    | Killed an orb of fire
 68080 | Zot:5    | Learned a level 4 spell: Passage of Golubria
 68083 | Zot:5    | Reached skill level 1 in Translocations
 68084 | Zot:5    | Noticed an orb of fire
 68172 | Zot:5    | Killed an ancient lich
 68278 | Zot:5    | Killed an orb of fire
 68335 | Zot:5    | Got the Orb of Zot
 68595 | Depths:1 | Reached skill level 5 in Translocations
 68849 | D:3      | Noticed Puosoel the pandemonium lord
 68924 | D:$      | Escaped with the Orb!

Illustrated notes

Levels and vault maps discovered:
D:1:      mainiacjoe_arrival_reflecting_pool, layout_rooms, chequers_avenue
D:2:      layout_rooms, basic_altar, serial_shops, nicolae_shop_waterfront
D:3:      cheibrodos_greedy_goblins, layout_loops_corners,
          lemuel_coloured_pillars_altar, hangedman_decor_growths,
          serial_bayou_lagoon_a, minmay_shallow_snake_nest
D:4:      layout_basic, mainiacjoe_overflow_alcove_4,
          mainiacjoe_overflow_alcove_1, uniq_grinder
D:5:      layout_basic
D:6:      layout_basic, mainiacjoe_overflow_small_starburst, minmay_checkerbox
D:7:      layout_cave_pods, temple_fountains
D:8:      layout_basic, jiyva_altar_1, uniq_grum
D:9:      layout_cross, nicolae_dithmenos_shadow_blocks,
          nicolae_uskayaw_dance_hall
D:10:     layout_roguey, fiery_altar_vehumet, amcnicky_altar_gilded,
          dpeg_lair_monsters, special_room [special_room_bee],
          minmay_chambers_of_fives, uniq_maurice
D:11:     layout_roguey, david_orc_3, uniq_psyche, uniq_fannar, uniq_amaemon
D:12:     layout_rooms, zin_academy, uniq_nergalle, uniq_erolcha
D:13:     minmay_slanted_spiral_squares, layout_basic,
          gammafunk_ghost_abyssal_escape, enter_trove_6, minivault_13,
          uniq_azrael
D:14:     layout_basic, david_vaults_5, serial_shops, nicolae_shop_behind_doors,
          serial_bayou_pond_c, uniq_nessos
D:15:     gammafunk_enter_depths_forms, layout_basic, tso_metal_star,
          serial_shops, nicolae_shop_stone, shop
Temple:   nicolae_temple_ecumenical_triangle
Lair:1:   layout_layer_cave, kennysheep_rathole, grunt_megastairs_1,
          infiniplex_staircase_pool, lemuel_fruit_tree, uniq_gastronok
Lair:2:   layout_regular_city, minmay_shoals_entry_hut
Lair:3:   layout_long_grid, minmay_snake_entry_guardpost_medium, serial_bayou,
          serial_bayou_ford_a, serial_bayou_pond_e, serial_bayou_pond_e,
          serial_bayou_crossing
Lair:4:   layout_regular_city, minmay_slime_entry_pillars,
          nicolae_lair_lakeside_cave, grunt_megastairs_3
Lair:5:   grunt_lair_end_beastmaster, layout_regular_city,
          dreamdust_deal_with_the_devil, serial_bayou_pond_c
Shoals:1: layout_shoals, nicolae_shoals_wave_tunnel
Shoals:2: layout_shoals
Shoals:3: layout_shoals, hangedman_shoals_cup_caves, uniq_polyphemus
Shoals:4: shoals_end_simple, layout_shoals,
          nicolae_shoals_stone_sculpture_thing,
          nicolae_shoals_lost_giant_amphitheater, uniq_kirke
Snake:1:  layout_grid_shapes, nicolae_integral_box
Snake:2:  layout_cave_town, hellmonk_ghost_happy_afterlife
Snake:3:  layout_layer_cave, serial_shops, nicolae_shop_behind_doors,
          serial_bayou_shore_b, minmay_shop_grove
Snake:4:  grunt_snake_rune_pools, layout_misc_corridors, serial_bayou_shore_a,
          uniq_aizul
Slime:1:  layout_caves
Slime:2:  layout_caves
Slime:3:  layout_caves, cheibrodos_slime_lost_civilization_5
Slime:4:  layout_caves
Slime:5
Orc:1:    layout_caves, serial_shops,
          nicolae_shop_temple_entry_statues_fountains, nicolae_shop_clearance
Orc:2:    grunt_orc_gardens, layout_diamond_mine, grunt_orc_garden,
          grunt_orc_garden, grunt_orc_garden, grunt_orc_garden, serial_shops,
          shop, gauntlet_entry_generic
Elf:1:    layout_loops_ring, kennysheep_underground_church, uniq_louise
Elf:2:    nicolae_elf_blades_splatter_lattice
          [nicolae_vaults_blade_armed_guards], layout_rooms, uniq_roxanne
Elf:3:    minmay_elf_hall, layout_onion_city, elf_orc_summit_meeting,
          uniq_asterion
Vaults:1: vaults_room_hallway, vaults_mumra_hex, door_vault, v_pattern_1,
          nicolae_vaults_circle_grid_b, vaults_room_door_hall, v_rooms_5,
          grunt_vaults_funnel, v_misc_26, vaults_dpeg_emergency_exit,
          layout_vaults_chaotic_city
Vaults:2: vaults_mumra_minichess_inversion, minmay_crypt_entry_simple_corners,
          nicolae_vaults_little_squares_6, v_misc_9, st_spiral_rooms,
          nicolae_vaults_little_squares_2, hangedman_vaults_capsules,
          layout_vaults_quadrants, serial_shops, nicolae_shop_behind_doors,
          nicolae_shop_trees, uniq_sojobo
Vaults:3: nicolae_vaults_border_crossing, nicolae_vaults_network_periphery,
          v_pattern_3, hangedman_vaults_stretched_pinwheel,
          nicolae_vaults_triangles, vaults_room_semicircle, v_misc_10,
          vaults_room_hallway, v_misc_17, vaults_room_pool,
          ontoclasm_vaults_chip, grunt_vaults_focal, vaults_mumra_chevron,
          st_octagons_1, nicolae_vaults_little_squares_3, vaults_room_hallway,
          layout_vaults_maze, serial_shops, shop
Vaults:4: hangedman_vaults_maws, hangedman_vaults_stretched_pinwheel, v_misc_11,
          vaults_room_guarded_vault, ontoclasm_vaults_twist, v_misc_9,
          v_misc_30, ontoclasm_vaults_ring_small, ontoclasm_vaults_gateway,
          nicolae_vaults_ring_of_whatevers, hangedman_vaults_corner, v_misc_18,
          vaults_dpeg_cross, nicolae_vaults_little_squares_3, vaults_room_pools,
          nicolae_vaults_little_squares_4, layout_vaults_ring, serial_shops,
          bzr_entry_road
Depths:1: layout_cave_pools, enter_ziggurat_d, nicolae_qazlal_style_of_elements,
          abyss_entry, hell_entry, grunt_ministairs_4, kennysheep_windowed_goal
Depths:2: nicolae_herringbone, layout_cave_shapes, pf_coc_iceberg,
          rand_demon_pan_entry_4, minmay_hedge_maze, minmay_misc_feat_rugged,
          grunt_ministairs_8
Depths:3: gammafunk_sealed_library, layout_small_grid, rand_demon_pan_entry_5,
          hell_entry, abyss_entry_crystal, infiniplex_enter_wizlab_spiral,
          basic_altar, horrible_house_mu, serial_bayou_shore_b,
          serial_bayou_shore_b
Depths:4: grunt_crosshair, layout_gridville, bh_walls_and_bars, serial_shops,
          shop, hell_entry, lemuel_zombie_altar_yredelemnul,
          serial_bayou_shore_b
Zot:1:    layout_cellular_growth, ebering_ghost_gozag,
          nicolae_transporter_intersection
Zot:2:    infiniplex_zot_generator, layout_cathedral_of_symmetry, uniq_parghit,
          uniq_vv
Zot:3:    dreamdust_black_sun_cult, layout_cathedral_of_symmetry,
          lemuel_elevator
Zot:4:    layout_gridlike, st_stairs_3, grunt_ministairs_15, lemuel_elevator
Zot:5:    layout_misc_corridors

Skill      XL: |  1  2  3  4  5  6  7  8  9 10 11 12 13 14 15 16 17 18 19 20 21 22 23 24 25 26 27 |
---------------+----------------------------------------------------------------------------------+-----
Stealth        | 7 8 |  8.0
Fighting       | 4 6 7 10 12 14 | 14.8
Staves         | 1 |  1.6
Evocations     | 3 4 5 6 |  6.0
Throwing       | 3 6 |  6.2
Maces & Flails | 2 3 |  3.7
Dodging        | 4 6 8 10 | 10.0
Ranged Weapons | 3 4 |  4.1
Ice Magic      | 8 13 16 17 19 21 23 24 | 24.0
Spellcasting   | 4 8 10 12 14 15 17 | 17.0
Conjurations   | 3 6 10 | 10.0
Fire Magic     | 3 6 13 18 20 | 20.0
Air Magic      | 3 6 |  6.0
Transmutations | 7 9 11 | 11.0
Earth Magic    | 7 9 10 13 | 13.0
Shields        | 4 6 10 11 15 | 15.0
Translocations | 5 |  5.9
Short Blades   | |  2.0

Action                     |  1- 3 |  4- 6 |  7- 9 | 10-12 | 13-15 | 16-18 | 19-21 | 22-24 | 25-27 || total
---------------------------+-------+-------+-------+-------+-------+-------+-------+-------+-------++-------
  Melee: Short sword       |    13 |       |       |       |       |       |       |       |       ||    13
         Dagger            |    53 |    19 |     7 |    25 |     7 |     4 |       |       |       ||   115
         Constrict         |    20 |    39 |    48 |    75 |    61 |    15 |    24 |    21 |    16 ||   319
         Tentacles         |    19 |    28 |    55 |   113 |   116 |    28 |    43 |    93 |    27 ||   522
         Staff             |       |   112 |    13 |       |   194 |    69 |    66 |   163 |    12 ||   629
         Hand axe          |       |     3 |       |       |       |       |       |       |       ||     3
         Punch             |       |     1 |     3 |     2 |     8 |     1 |     3 |     6 |     1 ||    25
         Flail             |       |       |   191 |   362 |    59 |       |       |       |       ||   612
         Demon whip        |       |       |       |       |    99 |     4 |       |       |       ||   103
         Demon trident     |       |       |       |       |       |       |    94 |    76 |    83 ||   253
         Bite              |       |       |       |       |       |       |       |    49 |    20 ||    69
   Fire: Arbalest          |       |       |    37 |     1 |       |       |       |       |       ||    38
  Throw: Stone             |     6 |    27 |     5 |       |       |       |       |       |       ||    38
         Dart              |       |    27 |    14 |    45 |     1 |       |       |       |       ||    87
         Boomerang         |       |       |    67 |    97 |    40 |       |       |       |       ||   204
         Throwing net      |       |       |       |     3 |       |       |       |       |       ||     3
         Javelin           |       |       |       |       |     3 |       |       |       |       ||     3
   Cast: Frozen Ramparts   |       |       |       |    46 |    59 |     5 |       |       |       ||   110
         Ozocubu's Armour  |       |       |       |    40 |    64 |       |       |       |       ||   104
         Sticky Flame      |       |       |       |     6 |   130 |     8 |     1 |       |       ||   145
         Freezing Cloud    |       |       |       |       |   111 |   114 |    32 |     7 |     2 ||   266
         Statue Form       |       |       |       |       |    28 |    40 |    33 |    53 |    32 ||   186
         Irradiate         |       |       |       |       |     6 |    25 |    14 |    49 |    16 ||   110
         Ozocubu's Refrige |       |       |       |       |       |   368 |   477 |   443 |   122 ||  1410
         Lee's Rapid Decon |       |       |       |       |       |       |    11 |     8 |     1 ||    20
         Iron Shot         |       |       |       |       |       |       |    10 |    43 |    28 ||    81
         Ignition          |       |       |       |       |       |       |       |   115 |    71 ||   186
         Polar Vortex      |       |       |       |       |       |       |       |       |     7 ||     7
         Passage of Golubr |       |       |       |       |       |       |       |       |     3 ||     3
 Invoke: Call Merchant     |       |       |       |     1 |       |       |       |       |       ||     1
         Potion Petition   |       |       |       |       |       |       |       |       |     2 ||     2
         Bribe Branch      |       |       |       |       |       |       |       |       |     6 ||     6
  Evoke: Wand              |       |     2 |    10 |    17 |    20 |     1 |     3 |     1 |       ||    54
         Box of beasts     |       |       |       |       |     1 |     1 |       |       |       ||     2
         Condenser vane    |       |       |       |       |     1 |       |       |     2 |       ||     3
         Phantom mirror    |       |       |       |       |       |       |       |     1 |       ||     1
         Tin of tremorston |       |       |       |       |       |       |       |     1 |       ||     1
    Use: Scroll            |     2 |     6 |     5 |    11 |     8 |     8 |     5 |     5 |    19 ||    69
         Potion            |       |       |     3 |     4 |     1 |       |       |     1 |     6 ||    15
   Stab: Sleeping          |     8 |    10 |     5 |     4 |     3 |     2 |     1 |     1 |     2 ||    36
         Distracted        |     1 |       |     2 |     3 |     2 |       |     2 |     6 |     3 ||    19
         Paralysed         |       |     1 |     3 |     3 |     3 |       |       |       |       ||    10
         Invisible         |       |       |       |     3 |     2 |     1 |       |       |       ||     6
         Held in net/web   |       |       |       |     1 |       |       |       |       |       ||     1
 Armour: Skin              |     2 |     7 |    26 |    92 |   200 |    92 |    97 |   332 |   101 ||   949
  Dodge: Dodged            |    26 |    87 |   190 |   571 |   909 |   312 |   221 |   408 |   157 ||  2881
  Block: Other             |       |       |       |    71 |       |       |       |       |       ||    71
         Reflection        |       |       |       |     1 |       |       |       |       |       ||     1
         Buckler           |       |       |       |       |     6 |    92 |       |       |       ||    98
         Kite shield       |       |       |       |       |       |    11 |   308 |   595 |   225 ||  1139

Table legend: (Time is in decaauts)
 A = Elapsed time spent in this place.
 B = Non-inter-level travel time spent in this place.
 C = Inter-level travel time spent in this place.
 D = Time resting spent in this place.
 E = Time spent auto-exploring this place.
 F = Levels seen in this place.
 G = Mean time per level.
                   A        B        C        D        E       F      G
               +--------+--------+--------+--------+--------+-----+--------+
         Total |  77828 |  67978 |   9850 |   3838 |  46194 |  63 | 1235.4 |
       Dungeon |  24534 |  20059 |   4475 |   2650 |  11890 |  15 | 1635.6 |
        Temple |     43 |     37 |      6 |      0 |     30 |   1 |   43.0 |
          Lair |   8280 |   6779 |   1501 |    191 |   4871 |   5 | 1656.0 |
        Shoals |   5521 |   5150 |    371 |     48 |   4450 |   4 | 1380.2 |
     Snake Pit |   6468 |   5787 |    681 |    224 |   4630 |   4 | 1617.0 |
    Slime Pits |   3589 |   3378 |    211 |    175 |   2550 |   5 |  717.8 |
  Orcish Mines |   1945 |   1591 |    354 |      5 |    912 |   2 |  972.5 |
   Elven Halls |   4617 |   4290 |    327 |     60 |   3225 |   3 | 1539.0 |
        Vaults |   8709 |   7452 |   1257 |    135 |   6066 |   4 | 2177.2 |
        Depths |   7306 |   6731 |    575 |    243 |   4625 |   4 | 1826.5 |
           Zot |   4162 |   4076 |     86 |     55 |   2303 |   5 |  832.4 |
         Abyss |   1469 |   1469 |      0 |      0 |     32 |   7 |  209.9 |
        Bazaar |    124 |    124 |      0 |      0 |     52 |   1 |  124.0 |
         Trove |     49 |     49 |      0 |      0 |      5 |   1 |   49.0 |
        Wizlab |    503 |    503 |      0 |     44 |    324 |   1 |  503.0 |
      Gauntlet |    504 |    504 |      0 |      6 |    223 |   1 |  504.0 |
               +--------+--------+--------+--------+--------+-----+--------+

Top non-repeatable levels by time:
    D:10: 2807 daAuts
Vaults:2: 2661 daAuts
    D:13: 2578 daAuts
  Lair:1: 2569 daAuts
Vaults:1: 2382 daAuts
Depths:2: 2286 daAuts
     D:3: 2181 daAuts
     D:8: 2181 daAuts
Vaults:3: 2151 daAuts
    D:15: 1898 daAuts
     D:7: 1853 daAuts
     D:4: 1844 daAuts
 Snake:4: 1788 daAuts
Depths:3: 1768 daAuts
   Elf:3: 1766 daAuts
